 Dungeon Crawl Stone Soup version 0.29-a0-352-g0917bc69df (webtiles) character file.

Game seed: 12122564714144437164

10779 oldmanjim the Grappler (level 11, -2/165 HPs)
             Began as a Troll Berserker on Apr 23, 2022.
             Was an Elder of Trog.
             Slain by an orc warrior
             ... wielding a +0 halberd
              (31 damage)
             ... in a bailey.
             The game lasted 00:56:17 (9445 turns).

oldmanjim the Grappler (Troll Berserker)            Turns: 9445, Time: 00:56:18

Health: -2/165     AC:  9    Str: 29    XL:     11   Next: 40%
Magic:  10/10      EV: 10    Int:  5    God:    Trog [****..]
Gold:   733        SH:  0    Dex:  9    Spells: 10/10 levels left

rFire   + . .      SeeInvis .     - Unarmed
rCold   . . .      Faith    .   (no shield)
rNeg    . . .      Spirit   .   E - +2 steam dragon scales
rPois   .          Reflect  .   p - +0 hat
rElec   .          Harm     .   (no cloak)
rCorr   .          Rampage  .   (gloves unavailable)
Will    +....                   (boots unavailable)
Stlth   ..........              (no amulet)
HPRegen 1.17/turn               D - ring of willpower
MPRegen 0.12/turn               e - ring of protection from fire

@: berserking (expiring), very quick
A: large, unfitting armour, claws 3, regeneration 1, shaggy fur 1, tough skin 1
a: Renounce Religion, Berserk, Trog's Hand, Brothers in Arms


You were in a bailey.
You worshipped Trog.
Trog was greatly pleased with you.
You visited 2 branches of the dungeon, and saw 11 of its levels.
You also visited: Bailey.

You collected 733 gold pieces.

Inventory:

Missiles
 c - 44 poisoned darts
 g - 3 curare-tipped darts
 k - 291 stones (quivered)
 o - 2 throwing nets
 v - 3 boomerangs
 y - 5 large rocks
Armour
 p - a +0 hat (worn)
 E - +2 steam dragon scales (worn)
Jewellery
 b - a ring of protection from cold
 e - a ring of protection from fire (right claw)
 q - a ring of protection from cold
 D - a ring of willpower (left claw)
Wands
 l - a wand of mindburst (16)
 A - a wand of polymorph (7)
 C - a wand of flame (20)
Scrolls
 a - 4 scrolls of enchant armour
 h - a scroll of summoning
 r - 4 scrolls of enchant weapon
 u - 4 scrolls of teleportation
 w - a scroll of identify
 x - 2 scrolls of blinking
Potions
 d - 2 potions of berserk rage
 f - 5 potions of brilliance
 i - 2 potions of flight
 j - 3 potions of lignification
 m - 6 potions of curing
 n - 2 potions of mutation
 s - 3 potions of invisibility
 t - a potion of haste {unknown}
Miscellaneous
 z - a box of beasts


   Skills:
 + Level 7.6 Fighting
 - Level 4.0 Throwing
 - Level 3.0 Dodging
 + Level 13.9 Unarmed Combat
 - Level 5.0 Evocations


You had 10 spell levels left.
You didn't know any spells.
Your spell library was empty.

Dungeon Overview and Level Annotations

Branches:
Dungeon (10/15)            Temple (1/1) D:7            Lair (0/6) D:8
 Bailey (1/1)
    Orc: D:9-12

Altars:
Ashenzari
Cheibriados
Dithmenos
Elyvilon
Fedhas
Gozag
Hepliaklqana
Kikubaaqudgha
Makhleb
Nemelex Xobeh
Okawaru
Qazlal
Ru
Sif Muna
Trog
Uskayaw
Vehumet
Wu Jian
Xom
Yredelemnul
Zin
The Shining One

Shops:
D:6 (   D:9 (   D:10 =


Innate Abilities, Weirdness & Mutations

You are too large for most types of armour.
You have claws for hands.
Your natural rate of healing is unusually fast.
You are covered in fur. (AC +1)
You have tough skin. (AC +1)


Message History

There is an open gate, spattered with blood here.
Found a bone ring.
You see here a potion of experience.
You closely miss the orc warrior. The orc warrior barely misses you.
The orc knight roars a battlecry!
The orc warriors go into a battle-frenzy!
There is an open door here.
You claw the orc warrior!
The orc warrior is heavily wounded.
The orc warrior barely misses you.
The orc knight hits you from afar with a +0 halberd!
The orc warrior hits you with a +0 halberd!
The orc warrior barely misses you.
The orc knight hits you with a +0 halberd!
The orc warrior hits you from afar with a +0 halberd!
You claw the orc knight! You claw the orc knight!!
The orc knight is heavily wounded.
You barely miss the orc knight.
The orc knight is heavily wounded.
The orc warrior hits you with a +0 halberd!
The orc knight hits you with a +0 halberd!
The orc warrior hits you from afar with a +0 halberd!
You mangle the orc knight!!
The orc knight is almost dead.
You closely miss the orc knight.
The orc knight is almost dead.
The orc warrior hits you with a +0 halberd!
* * * LOW HITPOINT WARNING * * *
The orc knight hits you with a +0 halberd!
* * * LOW HITPOINT WARNING * * *
The orc warrior hits you from afar with a +0 halberd.
* * * LOW HITPOINT WARNING * * *
You mangle the orc knight!!
You kill the orc knight!
Trog accepts your kill.
You eviscerate the orc warrior!!!
You kill the orc warrior!
Trog accepts your kill.
The orc warrior hits you from afar with a +0 halberd!!
You die...

.≈#.........................#≈...
.≈##.∩#≈)..............≈#∩.##≈...
.≈≈#)##≈....#######....≈##.#≈≈...
..≈≈.≈≈≈...##....##....≈≈≈.≈≈....
...)......##.)...##..............
.........##..#'''##..............
.........#..##o!∩##..##..........
........##.####'####.##..........
.)......##.'.#.)@#)'.##..........
........##.###.8)###.##..........
........##.')#=.)#)'.##..........
........##.#########.##..........
.........#..##)#)##..#...........
.........##..#'#'#..##...........
..........##.......##....))).....
..≈≈.≈≈≈...#########...≈≈≈)≈≈....
.≈≈#.##≈......###......≈##.#≈≈...


You could see an orc warrior (strong).

Vanquished Creatures
  A boulder beetle (D:9)
  3 two-headed ogres
  Pikel (D:4)
  An orc knight (Bailey)
  An ugly thing (D:10)
  Maggie (D:7)
  A kobold demonologist (D:10)
  A komodo dragon (D:8)
  2 trolls
  4 wyverns
  A basilisk (D:8)
  A steam dragon (D:9)
  2 vampire mosquitoes (D:9)
  2 acid dragons (D:10)
  A water moccasin (D:6)
  An ice beast (D:5)
  11 orc warriors
  5 black bears
  A swamp drake (D:8)
  3 ogres
  4 centaurs
  2 phantoms (D:5)
  3 kobold brigands
  3 bullfrogs
  A gnoll sergeant (D:5)
  3 scorpions
  4 wights (D:8)
  12 killer bees
  2 jellies
  2 gnoll shamans
  3 orc priests
  6 hounds
  An iguana (D:7)
  6 orc wizards
  9 gnolls
  6 adders
  A white imp (D:6)
  2 worms
  2 dart slugs
  52 orcs
  8 ball pythons
  6 bats
  8 endoplasms
  5 giant cockroaches
  7 goblins
  5 hobgoblins
  3 jackals
  A quokka (D:2)
  3 frilled lizards (D:1)
  18 kobolds
  7 rats
239 creatures vanquished.

Notes
Turn   | Place    | Note
-------+----------+-------------------------------------------
     0 | D:1      | oldmanjim the Troll Berserker began the quest for the Orb.
     0 | D:1      | Reached XP level 1. HP: 22/22 MP: 0/0
   125 | D:1      | Reached XP level 2. HP: 29/29 MP: 1/1
   569 | D:1      | Reached ** piety under Trog
   771 | D:2      | Reached XP level 3. HP: 37/37 MP: 2/2
   989 | D:2      | Found a faded altar of an unknown god.
  1048 | D:2      | Reached skill level 4 in Unarmed Combat
  1420 | D:3      | Reached XP level 4. HP: 45/45 MP: 3/3
  1822 | D:4      | Noticed a scorpion
  1829 | D:4      | Killed a scorpion
  1830 | D:4      | Reached XP level 5. HP: 47/54 MP: 4/4
  2091 | D:4      | Reached skill level 5 in Unarmed Combat
  2129 | D:4      | Reached XP level 6. HP: 35/62 MP: 5/5
  2302 | D:4      | Noticed Pikel
  2308 | D:4      | Killed Pikel
  2309 | D:4      | Reached skill level 8 in Unarmed Combat
  2309 | D:4      | Reached XP level 7. HP: 58/70 MP: 6/6
  2344 | D:4      | Reached *** piety under Trog
  2853 | D:5      | Entered Level 5 of the Dungeon
  3007 | D:5      | Reached XP level 8. HP: 73/78 MP: 7/7
  3032 | D:5      | Reached skill level 9 in Unarmed Combat
  3370 | D:5      | Reached skill level 10 in Unarmed Combat
  3478 | D:5      | Reached skill level 1 in Evocations
  4009 | D:6      | Reached XP level 9. HP: 85/85 MP: 8/8
  4012 | D:6      | Reached **** piety under Trog
  4148 | D:6      | Found Zivvaph's Weapon Shoppe.
  4184 | D:6      | Reached skill level 5 in Fighting
  5026 | D:7      | Noticed Maggie
  5032 | D:7      | Killed Maggie
  5033 | D:7      | Reached skill level 11 in Unarmed Combat
  5233 | D:7      | Noticed a troll
  5239 | D:7      | Killed a troll
  5667 | D:7      | Found a staircase to the Ecumenical Temple.
  5673 | Temple   | Entered the Ecumenical Temple
  6483 | D:8      | Noticed a two-headed ogre
  6496 | D:8      | Killed a two-headed ogre
  6497 | D:8      | Reached skill level 1 in Throwing
  6497 | D:8      | Reached skill level 12 in Unarmed Combat
  6497 | D:8      | Reached XP level 10. HP: 98/98 MP: 9/9
  6818 | D:8      | Noticed a two-headed ogre
  6836 | D:8      | Killed a two-headed ogre
  7330 | D:8      | Found a staircase to the Lair.
  7657 | D:8      | Found an iron altar of Okawaru.
  7666 | D:8      | Found a basalt altar of Yredelemnul.
  7688 | D:9      | Found Ovuexayc's Weapon Shop.
  7784 | D:9      | Noticed a boulder beetle
  7797 | D:9      | Killed a boulder beetle
  7798 | D:9      | Reached skill level 5 in Evocations
  7852 | D:9      | Reached skill level 13 in Unarmed Combat
  7962 | D:9      | Noticed a two-headed ogre
  7966 | D:9      | Killed a two-headed ogre
  7967 | D:9      | Reached XP level 11. HP: 107/107 MP: 10/10
  8540 | D:10     | Entered Level 10 of the Dungeon
  8677 | D:10     | Found Kiukk's Jewellery Boutique.
  8701 | D:10     | Noticed a cyan ugly thing
  8713 | D:10     | Killed a cyan ugly thing
  8960 | D:10     | Found a flagged portal.
  8969 | Bailey   | Entered a bailey
  9427 | Bailey   | Noticed an orc knight
  9444 | Bailey   | Killed an orc knight
  9445 | Bailey   | Slain by an orc warrior

Illustrated notes

Levels and vault maps discovered:
D:1:      roderic_crop_circles_arrival_small, layout_basic, grunt_decor_cap
D:2:      layout_basic, shapermc_ecumenical_altar_starsandcircs,
          minmay_tromino_mix6
D:3:      layout_basic
D:4:      layout_loops_corners, uniq_pikel
D:5:      layout_gridville, nzn_random_ring
D:6:      layout_loops_corners, serial_shops, nicolae_stop_n_shop_1
D:7:      lemuel_ice_spiral_2, layout_basic,
          minmay_temple_entry_enclosed_plants, uniq_maggie
D:8:      layout_cave_pods, mainiacjoe_overflow_swirl, erik_lair_dragon,
          hangedman_decor_slide_cut, grunt_decor_mini_mirrors
D:9:      layout_irregular_city, serial_shops, nicolae_shop_trees
D:10:     minmay_sliced_demisemicircle, layout_stronghold, david_orc_5,
          enter_bailey_1, serial_shops, shop, kennysheep_generic_room_13,
          uniq_erolcha
Temple:   mainiacjoe_temple_cubbyholes
Bailey:   bailey_polearm_2, bailey

Skill      XL: |  1  2  3  4  5  6  7  8  9 10 11 |
---------------+----------------------------------+-----
Fighting       | 3 4 6 7 |  7.6
Unarmed Combat | 4 5 8 10 12 13 | 13.9
Dodging        | 3 |  3.0
Evocations     | 2 3 5 |  5.0
Throwing       | 1 4 |  4.0

Action                   |  1- 3 |  4- 6 |  7- 9 | 10-12 || total
-------------------------+-------+-------+-------+-------++-------
Melee: Unarmed           |   104 |    74 |   224 |   212 ||   614
       Punch             |     1 |     2 |     4 |    16 ||    23
Throw: Dart              |       |     3 |    27 |    13 ||    43
       Stone             |       |       |       |     5 ||     5
Invok: Berserk           |     1 |       |     4 |     7 ||    12
       Trog's Hand       |       |     1 |     2 |     3 ||     6
  Use: Scroll            |     6 |     1 |    12 |     2 ||    21
 Stab: Sleeping          |       |       |       |     1 ||     1
Armor: Animal skin       |    36 |    12 |    48 |       ||    96
       Steam dragon scal |       |       |    15 |    83 ||    98
Dodge: Dodged            |    55 |    26 |   105 |    87 ||   273

Table legend: (Time is in decaauts)
 A = Elapsed time spent in this place.
 B = Non-inter-level travel time spent in this place.
 C = Inter-level travel time spent in this place.
 D = Time resting spent in this place.
 E = Time spent auto-exploring this place.
 F = Levels seen in this place.
 G = Mean time per level.
                   A        B        C        D        E       F      G
               +--------+--------+--------+--------+--------+-----+--------+
         Total |   9433 |   9166 |    267 |    651 |   6099 |  12 |  786.1 |
       Dungeon |   8629 |   8414 |    215 |    593 |   5705 |  10 |  862.9 |
        Temple |    342 |    290 |     52 |      0 |    288 |   1 |  342.0 |
        Bailey |    461 |    461 |      0 |     58 |    106 |   1 |  461.0 |
               +--------+--------+--------+--------+--------+-----+--------+

Top non-repeatable levels by time:
     D:8: 1360 daAuts
     D:7: 1244 daAuts
     D:5: 969 daAuts
     D:4: 945 daAuts
     D:6: 926 daAuts
     D:9: 866 daAuts
     D:1: 757 daAuts
     D:2: 701 daAuts
  Bailey: 461 daAuts
     D:3: 439 daAuts
    D:10: 418 daAuts
  Temple: 342 daAuts
